 Dungeon Crawl Stone Soup version 0.17.1-1-g73c8601 (webtiles) character file.

803 Miyamura the Insei (level 7, 0/35 HPs)
             Began as a Vine Stalker Transmuter on Jan 3, 2016.
             Succumbed to Dowan's poison
             ... on level 6 of the Dungeon.
             The game lasted 00:20:17 (5294 turns).

Miyamura the Insei (Vine Stalker Transmuter)        Turns: 5294, Time: 00:20:17

Health: 0/35       AC:  6    Str: 12    XL:     7   Next: 91%
Magic:  9/13       EV: 13    Int: 15    God:
Gold:   281        SH:  0    Dex: 15    Spells: 3 memorised, 5 levels left

rFire  . . .     SeeInvis .       - Unarmed
rCold  . . .     Clarity  .     y - +0 robe
rNeg   . . .     SustAt   .     (no shield)
rPois  .         Gourm    .     o - +2 hat
rElec  .         Spirit   +     k - +1 cloak
rCorr  .         Warding  .     (no gloves)
rMut   .         Stasis   .     (no boots)
MR     .....                    u - amulet of faith
Stlth  +++.......               (no ring)
                                (no ring)

@: lethally poisoned (0 -> -10), not resistant to hostile enchantments, fairly
stealthy
A: fangs 2, regeneration 2, magic shield, antimagic bite, no device heal 3, rot
immunity
a: no special abilities


You were on level 6 of the Dungeon.
You were very hungry.

You visited 1 branch of the dungeon, and saw 6 of its levels.

You collected 281 gold pieces.

Inventory:

Hand Weapons
 r - a +0 blowgun
Missiles
 j - 32 poisoned needles
Armour
 k - a +1 cloak (worn)
 l - the +1 ring mail of the Slug {rPois rC- Str+4}
   (You found it on level 4 of the Dungeon)

   It affects your strength (+4).
   It makes you vulnerable to cold.
   It protects you from poison.
 o - a +2 hat (worn)
 y - a +0 robe (worn)
Magical Staves
 p - an uncursed staff of energy
Jewellery
 u - an amulet of faith (around neck)
Scrolls
 a - a scroll of enchant armour
 e - 2 scrolls of immolation
 m - 3 scrolls of remove curse
 s - 2 scrolls of amnesia
 t - a scroll of teleportation
 v - a scroll of identify
Potions
 g - a potion of cure mutation
 n - a potion of magic
Books
 c - a book of Changes

   Spells                             Type                      Level
   a - Beastly Appendage              Transmutation                1
   b - Sticks to Snakes               Transmutation                2
   c - Spider Form                    Transmutation/Poison         3
   d - Ice Form                       Ice/Transmutation            4
   e - Blade Hands                    Transmutation                5
 w - a book of the Earth

   Spells                             Type                      Level
   a - Leda's Liquefaction            Hexes/Earth                  4
   b - Bolt of Magma                  Conjuration/Fire/Earth       5
   c - Statue Form                    Transmutation/Earth          6
   d - Iron Shot                      Conjuration/Earth            6
   e - Shatter                        Earth                        9
Comestibles
 d - 6 bread rations
 f - 2 royal jellies
 i - 2 beef jerkies
 q - 2 meat rations


   Skills:
 + Level 2.6 Fighting
 + Level 2.7 Dodging
 + Level 4.2 Stealth
 + Level 4.5 Unarmed Combat
 + Level 3.8 Spellcasting
 + Level 4.0 Transmutations
 + Level 1.4 Ice Magic
 - Level 2.0 Poison Magic


You had 5 spell levels left.
You knew the following spells:

 Your Spells              Type           Power        Failure   Level  Hunger
b - Beastly Appendage     Trmt           ##....       4%          1    None
i - Ice Form              Ice/Trmt       ##......     67%         4    ####...
s - Spider Form           Trmt/Pois      ##........   21%         3    ###....


Dungeon Overview and Level Annotations

Branches:
Dungeon (6/15)
 Temple: D:4-7

Altars:
Elyvilon
Fedhas
Sif Muna
Trog
Yredelemnul
The Shining One

Shops:
D:4 [

Annotations:
D:6 Dowan


Innate Abilities, Weirdness & Mutations

You have extremely sharp teeth.
You heal very quickly.
When hurt, damage is shared between your health and your magic reserves.
Your bite disrupts and absorbs the magic of your enemies.
Potions and wands cannot restore your health.
You are immune to rotting.


Message History

* * * LOW HITPOINT WARNING * * *
You feel sick. Dowan gestures at you while chanting.
The puff of flame hits you!
* * * LOW HITPOINT WARNING * * *
You feel sick. Dowan closely misses you.
You completely miss Dowan.
Dowan is severely wounded.
* * * LOW HITPOINT WARNING * * *
You feel sick. Dowan hits you but does no damage.
You are more poisoned.
You closely miss Dowan. Your bite misses Dowan.
Dowan is severely wounded.
* * * LOW HITPOINT WARNING * * *
You feel sick.
Dowan casts a spell.
Dowan blinks!
You hit Dowan but do no damage.
Dowan is severely wounded.
You die...

.. . #. .# #. #.# ##.
###..# .. #...# #.
#.### ##
###e###########
#..@..........# #
#..ยง.#........######
#....###.#.#.(.##....
#.#.####.####....####
#.....#...##..##.#
#......._.#...##.8.
#.#...#.......##.....
#.#...###....###.....
.... #..### ##8.#.


You could see Dowan.

Vanquished Creatures
  3 ogres
  A scorpion (D:5)
  A giant frog zombie (D:3)
  A crimson imp (D:5)
  An orc priest (D:3)
  A centaur skeleton (D:4)
  A hound (D:4)
  3 giant frog skeletons
  An iguana (D:5)
  2 worker ants (D:4)
  2 shadow imps (D:5)
  8 adders
  An ooze (D:3)
  2 worms
  7 giant geckos
  8 orcs
  2 ball pythons
  4 bats
  7 giant cockroaches
  3 goblins
  9 hobgoblins
  10 jackals
  6 giant newts
  7 kobolds
  A quokka skeleton (D:4)
  4 rats
96 creatures vanquished.

Notes
Turn   | Place    | Note
--------------------------------------------------------------
     0 | D:1      | Miyamura the Vine Stalker Transmuter began the quest for the Orb.
     0 | D:1      | Reached XP level 1. HP: 9/9 MP: 4/4
    67 | D:1      | Reached skill level 1 in Fighting
   216 | D:1      | Found a glowing golden altar of the Shining One.
   235 | D:1      | Reached skill level 1 in Stealth
   249 | D:1      | Reached XP level 2. HP: 14/14 MP: 6/6
   759 | D:1      | Reached XP level 3. HP: 18/18 MP: 7/7
   778 | D:2      | Found a basalt altar of Yredelemnul.
   943 | D:2      | Learned a level 3 spell: Spider Form
  1476 | D:2      | Found a deep blue altar of Sif Muna.
  1916 | D:3      | Reached XP level 4. HP: 14/22 MP: 6/8
  2288 | D:3      | Learned a level 4 spell: Ice Form
  2542 | D:3      | Found a faded altar to an unknown god.
  2564 | D:3      | Reached XP level 5. HP: 17/25 MP: 10/10
  3164 | D:4      | Reached skill level 1 in Poison Magic
  3227 | D:3      | Reached skill level 4 in Unarmed Combat
  3351 | D:3      | Gained mutation: You heal very quickly. [Vine Stalker growth]
  3351 | D:3      | Reached XP level 6. HP: 24/30 MP: 8/11
  3869 | D:4      | Found Hamoqon's Armour Emporium.
  3886 | D:4      | Got a shimmering ring mail
  3897 | D:4      | Identified the +1 ring mail of the Slug {rPois rC- Str+4} (You found it on level 4 of the Dungeon)
  3951 | D:4      | Noticed an ogre
  3963 | D:4      | Killed an ogre
  4053 | D:4      | Reached XP level 7. HP: 35/35 MP: 13/13
  4159 | D:4      | Noticed an ogre
  4180 | D:4      | Killed an ogre
  4218 | D:5      | Entered Level 5 of the Dungeon
  4447 | D:5      | Reached skill level 1 in Ice Magic
  4831 | D:5      | Found a blossoming altar of Fedhas.
  5217 | D:6      | Found a blossoming altar of Fedhas.
  5217 | D:6      | Found a white marble altar of Elyvilon.
  5224 | D:6      | Found a bloodstained altar of Trog.
  5237 | D:6      | Noticed Dowan
  5293 | D:6      | HP: 1/35 [poisoned by Dowan]
  5294 | D:6      | Succumbed to Dowan's poison

Action                   |  1- 3 |  4- 6 |  7- 9 || total
-------------------------+-------+-------+-------++-------
Melee: Unarmed           |   141 |   153 |   109 ||   403
 Cast: Beastly Appendage |     9 |    13 |     3 ||    25
       Spider Form       |     1 |     5 |     8 ||    14
 Abil: End Transformatio |       |     2 |     2 ||     4
  Use: Scroll            |     5 |     8 |     2 ||    15
       Potion            |       |     5 |     2 ||     7
 Stab: Sleeping          |     6 |     3 |     5 ||    14
  Eat: Chunk             |     3 |     9 |     4 ||    16
